 Dungeon Crawl Stone Soup version 0.31.0-32-g396128a36d (webtiles) character file.

Game seed: 15009047744266981325

5787 tizbic2 the Cruncher (level 10, -2/90 HPs)
             Began as a Tengu Artificer on Mar 24, 2024.
             Was a Follower of Kikubaaqudgha.
             Slain by a kobold brigand
             ... wielding a +0 whip
              (7 damage)
             ... on level 8 of the Dungeon.
             The game lasted 00:30:49 (7281 turns).

tizbic2 the Cruncher (Tengu Artificer)              Turns: 7281, Time: 00:30:51

Health: -2/90      AC: 25    Str: 22    XL:     10   Next: 79%
Magic:  18/18      EV:  2    Int: 12    God:    Kikubaaqudgha [*.....]
Gold:   231        SH: 20    Dex: 15    Spells: 19/19 levels left

rFire   . . .        w - staff of conjuration
rCold   . . .        b - +0 tower shield
rNeg    . . .        H - melded +6 ring mail of Eternal Vigilance {Str+3}
rPois   +            (helmet currently unavailable)
rElec   .            i - melded +0 cloak
rCorr   .            (gloves currently unavailable)
SInv    .            (boots unavailable)
Will    .....        u - amulet of reflection
Stlth   ++           q - +6 ring of strength
HPRegen 0.35/turn    (no ring)
MPRegen 0.16/turn

%: reflection, acrobat
@: lethally poisoned (-2 -> -3), tree-form, attractive
A: stationary, stasis, torment immunity, boosted hp, (beak), (talons 3), evasive
flight, acrobatic
a: Renounce Religion, Unearth Wretches


You were on level 8 of the Dungeon.
You worshipped Kikubaaqudgha.
Kikubaaqudgha was aware of your devotion.
You were a tree.
You visited 2 branches of the dungeon, and saw 9 of its levels.
You also visited: Ossuary.

You collected 460 gold pieces.
You spent 229 gold pieces at shops.

Inventory:

Hand Weapons
 a - a +1 short sword of holy wrath
 p - a +1 whip of flaming
 F - a +1 spear of freezing
 I - a +2 heavy spear
 L - a +0 lajatang
Missiles
 o - 18 poisoned darts
 D - 12 boomerangs (quivered)
 E - a throwing net
Armour
 b - a +0 tower shield (worn)
 i - a +0 cloak (melded)
 H - the +6 ring mail of Eternal Vigilance (melded) {Str+3}
   (You bought it in a shop on level 5 of the Dungeon)

   Str+3:     It affects your strength (+3).
 J - a +0 buckler
Magical Staves
 w - a staff of conjuration (weapon)
Jewellery
 q - a +6 ring of strength (left branch)
 s - a ring of ice
 u - an amulet of reflection (around neck)
 x - a ring of protection from fire
 y - the amulet "Eqiunep" {Faith Harm rF+ Will+}
   (You found it on level 4 of the Dungeon)

   [amulet of faith]

   Faith:     It allows you to gain divine favour quickly.
   rF+:       It protects you from fire.
   Will+:     It increases your willpower.
   Harm:      It increases damage dealt and taken.
 C - an amulet of guardian spirit
 N - a ring of ice
Wands
 c - a wand of flame (47)
 d - a wand of charming (15)
 e - a wand of iceblast (5)
 k - a wand of paralysis (16)
 K - a wand of mindburst (1)
Scrolls
 f - 4 scrolls of poison
 j - a scroll of amnesia {unknown}
 m - a scroll of fog
 n - a scroll of fear
 t - 2 scrolls of enchant armour {unknown}
 v - 4 scrolls of teleportation {unknown}
 z - 2 scrolls of enchant weapon {unknown}
 A - a scroll of silence {unknown}
 B - a scroll of revelation {unknown}
 M - a scroll of noise {unknown}
 P - a scroll of immolation
Potions
 h - 7 potions of curing
 l - 2 potions of lignification
 r - 5 potions of brilliance
 G - a potion of mutation


   Skills:
 + Level 5.7 Fighting
 * Level 8.8 Staves
 + Level 3.2 Armour
 - Level 1.1 Dodging
 - Level 1.0 Stealth
 + Level 7.5 Shields
 + Level 5.2 Spellcasting
 * Level 5.1 Conjurations
 * Level 6.8 Evocations


You had 19 spell levels left.
You didn't know any spells.
Your spell library contained the following spells:

 Spells                   Type           Power      Damage    Failure   Level
 Kiss of Death            Conj/Necr      52%        2d9       32%         1
 Momentum Strike          Conj/Tloc      26%        3d8       43%         2
 Sandblast                Erth           6%         2d5       67%         1
 Slow                     Hex            12%        N/A       67%         1
 Stone Arrow              Conj/Erth      26%        3d8       67%         3
 Blink                    Tloc           6%         N/A       80%         2
 Cigotuvi's Dreadful Rot  Necr/Alch/Air  6%         N/A       80%         2
 Lesser Beckoning         Tloc           6%         N/A       80%         2
 Sublimation of Blood     Necr           3%         N/A       80%         2
 Confusing Touch          Hex            3%         N/A       95%         3
 Fugue of the Fallen      Necr           3%         N/A       95%         3
 Passwall                 Erth           3%         N/A       95%         3
 Sigil of Binding         Hex            3%         N/A       95%         3
 Vampiric Draining        Necr           3%         2d6       95%         3
 Brom's Barrelling Bould  Conj/Erth      13%        2d4       97%         4


Dungeon Overview and Level Annotations

Branches:
Dungeon (8/15)             Temple (1/1) D:5         Ossuary (visited)
   Lair: D:8-11

Altars:
Ashenzari
Cheibriados
Dithmenos
Elyvilon
Fedhas
Gozag
Hepliaklqana
Kikubaaqudgha
Makhleb
Nemelex Xobeh
Okawaru
Qazlal
Ru
Trog
Uskayaw
Wu Jian
Yredelemnul
Zin
The Shining One

Shops:
D:5 *[:*[

Annotations:
D:8 Prince Ribbit
Temple 2 transporters


Innate Abilities, Weirdness & Mutations

You are a tree.
Your roots penetrate the ground, keeping you stationary.
You cannot be teleported.
You are immune to unholy pain and torment.
Your maximum health is greatly increased.
Your equipment is partially melded.
((You have a beak for a mouth.))
((You have claws for feet.))
Your magical flight helps you evade attacks. (EV +4)
You can magically evade attacks while moving or waiting.


Message History

A kobold brigand comes into view.
It is wielding a +0 whip and quivering poisoned darts.
The kobold brigand shouts!
You hit Grum.
You blast Grum.
Grum is almost dead.
You hear a shout!
You block Grum's attack.
You hit Grum but do no damage.
You blast Grum!
You kill Grum!
Kikubaaqudgha accepts your kill.
The kobold brigand is attracted toward you.
You hit Prince Ribbit.
You blast Prince Ribbit!
Prince Ribbit is moderately wounded.
Prince Ribbit blinks!
A kobold comes into view. It is wielding a +0 dagger.
The kobold brigand throws a poisoned dart.
The poisoned dart hits you.
You are poisoned.
The kobold brigand is attracted toward you.
The kobold is attracted toward you.
You hit the kobold brigand.
You blast the kobold brigand.
The kobold brigand is heavily wounded.
You feel sick. You block the kobold brigand's attack.
You hit the kobold brigand!
The kobold brigand is severely wounded.
You block the kobold brigand's attack.
You hit the kobold brigand.
The kobold brigand is severely wounded.
You feel sick. You block the kobold brigand's attack.
You hit the kobold brigand but do no damage.
The kobold brigand is severely wounded.
You feel sick.
A kobold comes into view. It is wielding a +0 falchion.
The kobold brigand hits you but does no damage.
You barely miss the kobold brigand.
The kobold brigand is severely wounded.
Prince Ribbit hops awkwardly around.
Prince Ribbit blinks!
The kobold brigand hits you with a +0 whip!
You die...
Kikubaaqudgha rasps: "You have failed me!
Welcome... death!"

#..... ...
.......#
#....###.....
......#
#....<.......
.....#
##...###.....
.....# #...#...
...
.....####...#.###
.
........#.......#
#.†..<.#..##.#
#♣##...F......
#K##.hg....#.#
..####K###.####.#
# #..$..KF....#
... #..######.###
##.# ...# .#
#...## ....K
......


You could see Prince Ribbit, a kobold brigand and 2 kobolds.

Vanquished Creatures
  A two-headed ogre (D:5)
  Pikel (D:4)
  A manticore (D:7)
  A hornet (D:7)
  3 yaks (D:7)
  Grum (D:8)
  A steam dragon (D:7)
  Menkaure (D:7)
  Duvessa (D:5)
  A water moccasin (D:5)
  An orc warrior (D:6)
  A sky beast (D:7)
  3 black bears
  An ice beast (D:6)
  4 wolves (D:8)
  A centaur (D:7)
  A gnoll sergeant (D:5)
  A bullfrog (D:7)
  3 necrophages (D:4)
  7 water moccasin zombies (Ossuary)
  4 scorpions
  A burial acolyte (Ossuary)
  Dowan (D:5)
  2 howler monkeys
  A centaur zombie (D:4)
  A bombardier beetle (D:5)
  A crimson imp (D:7)
  2 jellies
  4 hounds
  2 orc priests
  3 orc wizards (D:3)
  3 iguanas
  A sleepcap (D:5)
  2 crocodile zombies (Ossuary)
  A bullfrog simulacrum (Ossuary)
  3 hound zombies (D:4)
  2 hound skeletons (D:4)
  2 mummies (Ossuary)
  19 gnolls
  5 adders
  A white imp (D:6)
  2 ufetubi
  4 adder zombies (D:4)
  2 ribbon worms
  28 orcs
  4 endoplasms
  4 giant cockroaches
  8 goblins
  4 hobgoblins
  5 jackals
  3 kobolds
  3 quokkas
  6 ball pythons
  5 bats
  3 frilled lizards
  10 gnoll zombies (Ossuary)
  A goblin skeleton (D:7)
  2 hobgoblin zombies (D:7)
  2 jackal zombies (Ossuary)
  5 kobold skeletons (D:7)
  A kobold zombie (D:7)
  2 orc skeletons (D:7)
  5 orc zombies
  3 rats
208 creatures vanquished.

Vanquished Creatures (others)
  A black bear (D:7)
  A bombardier beetle (D:3)
  An orc (D:7)
3 creatures vanquished.

Grand Total: 211 creatures vanquished

Notes
Turn   | Place    | Note
-------+----------+-------------------------------------------
     0 | D:1      | tizbic2 the Tengu Artificer began the quest for the Orb.
     0 | D:1      | Reached XP level 1. HP: 12/12 MP: 2/2
   368 | D:1      | Reached XP level 2. HP: 16/16 MP: 3/3
   454 | D:1      | Reached skill level 1 in Staves
  1046 | D:2      | Reached XP level 3. HP: 17/20 MP: 5/5
  1778 | D:2      | Reached skill level 1 in Shields
  1851 | D:3      | Reached skill level 1 in Spellcasting
  1863 | D:3      | Reached skill level 2 in Staves
  1863 | D:3      | Reached XP level 4. HP: 10/26 MP: 6/6
  2252 | D:3      | Reached XP level 5. HP: 30/30 MP: 7/7
  2436 | D:3      | Reached skill level 3 in Staves
  2446 | D:3      | HP: 1/30 [something/magic dart (6)]
  2463 | D:3      | Reached XP level 6. HP: 18/35 MP: 9/9
  2842 | D:3      | Identified the +2 leather armour of Mumblety Peg {rF++
                  | Stlth+}
  3148 | D:4      | Noticed Pikel
  3167 | D:4      | Killed Pikel
  3168 | D:4      | Reached skill level 4 in Staves
  3168 | D:4      | Gained mutation: Your magical flight helps you evade
                  | attacks. (EV +4) [Tengu growth]
  3168 | D:4      | Reached XP level 7. HP: 3/41 MP: 10/12
  3317 | D:4      | Identified the amulet "Eqiunep" {Faith Harm rF+ Will+}
  3358 | D:4      | Found a sand-covered staircase.
  3369 | Ossuary  | Entered an ossuary
  3396 | Ossuary  | Reached XP level 8. HP: 46/46 MP: 13/13
  3403 | Ossuary  | Reached skill level 5 in Staves
  3569 | Ossuary  | Reached skill level 5 in Shields
  3780 | D:4      | Found a blossoming altar of Fedhas.
  3854 | D:4      | Reached skill level 6 in Staves
  3854 | D:4      | Reached skill level 5 in Evocations
  3920 | D:4      | Reached XP level 9. HP: 52/52 MP: 15/15
  4218 | D:4      | Found a sparkling altar of Nemelex Xobeh.
  4517 | D:5      | Entered Level 5 of the Dungeon
  4520 | D:5      | Found Xeifuczu's Book Boutique.
  4641 | D:5      | Found Gazeh's Antique Armour Emporium.
  4645 | D:5      | Bought a dazzling ring mail for 207 gold pieces
  4645 | D:5      | Identified the +6 ring mail of Eternal Vigilance {Str+3}
                  | (You bought it in a shop on level 5 of the Dungeon)
  4748 | D:5      | Found Ateost's Assorted Antiques.
  4867 | D:5      | Found Jioll's Antique Armour Boutique.
  4934 | D:5      | Noticed Dowan
  4935 | D:5      | Noticed Duvessa
  4942 | D:5      | Killed Dowan
  4943 | D:5      | Reached skill level 1 in Conjurations
  4966 | D:5      | Killed Duvessa
  4967 | D:5      | Reached skill level 7 in Staves
  5174 | D:5      | Noticed a two-headed ogre
  5202 | D:5      | Killed a two-headed ogre
  5233 | D:5      | Found Xelyix's General Store.
  5239 | D:5      | Reached skill level 5 in Fighting
  5269 | D:5      | Bought a scroll of identify for 22 gold pieces
  5369 | D:5      | Found a staircase to the Ecumenical Temple.
  5379 | Temple   | Found a transporter.
  5379 | Temple   | Found a transporter.
  5379 | Temple   | Found a transporter.
  5379 | Temple   | Found a transporter.
  5379 | Temple   | Entered the Ecumenical Temple
  5397 | Temple   | Became a worshipper of Kikubaaqudgha
  5456 | D:5      | Found a sacrificial altar of Ru.
  5695 | D:6      | Reached XP level 10. HP: 59/59 MP: 17/17
  5748 | D:6      | Found a bloodstained altar of Trog.
  5887 | D:6      | Reached skill level 8 in Staves
  6177 | D:7      | Found a snail-covered altar of Cheibriados.
  6287 | D:7      | Found a glowing silver altar of Zin.
  6289 | D:7      | Found a white marble altar of Elyvilon.
  6424 | D:7      | Noticed Menkaure
  6434 | D:7      | Killed Menkaure
  6604 | D:7      | Found a glowing golden altar of the Shining One.
  6616 | D:7      | Reached * piety under Kikubaaqudgha
  6616 | D:7      | Received a gift from Kikubaaqudgha
  6645 | D:7      | Reached skill level 5 in Spellcasting
  6852 | D:7      | Noticed a manticore
  6861 | D:7      | Killed a manticore
  7223 | D:8      | Noticed Prince Ribbit
  7224 | D:8      | Noticed Grum
  7262 | D:8      | Reached skill level 5 in Conjurations
  7267 | D:8      | HP: 2/90 [Grum/+0 halberd (10)]
  7275 | D:8      | Killed Grum
  7281 | D:8      | Slain by a kobold brigand

Illustrated notes

Levels and vault maps discovered:
D:1:      dpeg_arrival_brainrot, layout_loops_ring, minmay_heptomino_d4
D:2:      layout_loops_corners, grunt_decor_cap
D:3:      kennysheep_six_static_rooms, layout_basic, serial_corexii_hall,
          chequers_hall_statues_y, corexii_hall_statues_u,
          corexii_hall_statues_deadend, kennysheep_generic_room_13
D:4:      layout_loops_ring, fedhas_altar_decomposition,
          mainiacjoe_overflow_chevrons, mainiacjoe_ossuary_entry_find_the_door,
          uniq_pikel
D:5:      layout_gridville, nicolae_ru_path_of_blood, minmay_temple_entry_glass,
          serial_shops, nicolae_shop_waterfront, shop, nicolae_shop_crystal,
          nicolae_shop_hallway_plus, nicolae_shop_tiny_waterfront,
          chequers_serial_rivers_large_a, uniq_duvessa
D:6:      layout_rooms, mainiacjoe_overflow_surrounded_room
D:7:      layout_loops_cross, slow_altar_2, nicolae_tso_besieged_by_evil,
          grunt_temple_overflow_open, minmay_quadrilaterals, uniq_menkaure
D:8:      layout_basic, vehumet_crystals, serial_shops, nicolae_shop_peninsula,
          uniq_grum, uniq_erica, uniq_prince_ribbit1
Temple:   hellmonk_temple_divided_pantheon

Skill      XL: |  1  2  3  4  5  6  7  8  9 10 |
---------------+-------------------------------+-----
Staves         | 1 2 3 4 6 7 8 |  8.8
Shields        | 1 2 4 5 7 |  7.5
Spellcasting   | 1 2 3 4 5 |  5.2
Fighting       | 2 3 4 5 |  5.7
Evocations     | 4 5 6 |  6.8
Conjurations   | 2 5 |  5.1
Armour         | 3 |  3.2
Dodging        | |  1.1
Stealth        | |  1.0

Action                     |  1- 3 |  4- 6 |  7- 9 | 10-12 || total
---------------------------+-------+-------+-------+-------++-------
  Melee: Club              |    28 |       |       |       ||    28
         Peck              |     9 |    19 |    73 |    32 ||   133
         Kick              |    11 |    17 |   127 |    50 ||   205
         Rapier            |    46 |       |       |       ||    46
         Long sword        |    12 |   100 |     3 |       ||   115
         Whip              |       |       |   219 |       ||   219
         Spear             |       |       |   123 |    47 ||   170
         Staff             |       |       |       |   101 ||   101
         Short sword       |       |       |       |    20 ||    20
  Throw: Boomerang         |       |       |    20 |    16 ||    36
         Dart              |       |       |     1 |       ||     1
  Evoke: Wand              |       |       |     2 |       ||     2
    Use: Scroll            |     2 |     2 |     7 |       ||    11
         Potion            |       |     2 |     2 |     3 ||     7
   Stab: Sleeping          |     1 |       |     2 |       ||     3
         Paralysed         |       |       |     4 |       ||     4
 Armour: Leather armour    |    16 |    21 |    51 |       ||    88
         Ring mail         |    36 |    74 |    18 |    47 ||   175
         Skin              |       |       |       |    10 ||    10
  Dodge: Dodged            |    43 |    46 |    72 |    55 ||   216
  Block: Tower shield      |    37 |   116 |   305 |   214 ||   672
         Reflection        |       |     4 |     5 |     3 ||    12
